 Dungeon Crawl Stone Soup version 0.29-a0-330-g52719c12eb (webtiles) character file.

Game seed: 3906616787265046204

9 Ajdolov the Scratcher (level 2, -1/12 HPs)
             Began as a Felid Transmuter on May 5, 2022.
             Killed from afar by a dart slug (4 damage)
             ... with a slug dart
             ... on level 1 of the Dungeon.
             The game lasted 00:00:21 (173 turns).

Ajdolov the Scratcher (Felid Transmuter)             Turns: 173, Time: 00:00:22

Health: -1/12      AC:  1    Str:  6    XL:     2   Next: 3%
Magic:  6/6        EV: 17    Int: 14    God:
Gold:   11         SH:  0    Dex: 16    Spells: 4/5 levels left
                                        Lives:  0   Deaths: 0

rFire   . . .      SeeInvis +     - Unarmed
rCold   . . .      Faith    .   (shield unavailable)
rNeg    . . .      Spirit   .   (body armour unavailable)
rPois   .          Reflect  .   (helmet unavailable)
rElec   .          Harm     .   (cloak unavailable)
rCorr   .          Rampage  .   (gloves unavailable)
Will    .....                   (boots unavailable)
Stlth   ++........              (no amulet)
HPRegen 0.04/turn               (no ring)
MPRegen 0.10/turn               (no ring)

@: quick
A: very small, claws 1, fangs 3, see invisible, speed 1, shaggy fur 1, stealthy
paws, no weapons or thrown items, no armour, multi-lived
a: no special abilities


You were on level 1 of the Dungeon.
You visited 1 branch of the dungeon, and saw 1 of its levels.

You collected 11 gold pieces.

Inventory:

Potions
 a - 2 potions of lignification
 b - a potion of magic {unknown}


   Skills:
 - Level 1.0 Fighting
 - Level 2.6 Dodging
 * Level 2.6 Stealth
 - Level 3.0 Unarmed Combat
 - Level 2.0 Spellcasting
 - Level 2.1 Transmutations


You had 4 spell levels left.
You knew the following spells:

 Your Spells              Type           Power      Damage    Failure   Level
a - Beastly Appendage     Tmut           14%        N/A       10%         1

Your spell library contained the following spells:

 Spells                   Type           Power      Damage    Failure   Level
 Wereblood                Tmut           7%         N/A       14%         2
 Spider Form              Tmut/Pois      4%         N/A       41%         3
 Ice Form                 Ice/Tmut       4%         N/A       83%         4


Dungeon Overview and Level Annotations

Branches:
Dungeon (1/15)

Altars:


Innate Abilities, Weirdness & Mutations

You have sharp claws.
You have razor-sharp teeth.
You have supernaturally acute eyesight. (SInv)
You cover ground quickly. (Speed+)
You are covered in fur. (AC +1)
Your paws help you pounce on unaware monsters.
You are incapable of wielding weapons or throwing items.
You cannot wear armour.
You gain extra lives every three experience levels.


Message History

Your Stealth skill increases to level 2!
You miss the bat. You headbutt the bat.
The bat is moderately wounded.
The bat closely misses you.
You closely miss the bat. You claw the bat. Your bite misses the bat.
The bat is moderately wounded.
The ball python hisses angrily.
The bat closely misses you.
A dart slug comes into view.
The bat closely misses you. The bat barely misses you.
You miss the bat.
The bat is moderately wounded.
The bat barely misses you.
You scratch the bat.
You kill the bat!
The ball python bites you. The ball python barely misses you.
You scratch the ball python but do no damage.
Your headbutt misses the ball python. The ball python misses you.
The ball python grabs you. The ball python constricts you.
You scratch the ball python.
The ball python is severely wounded.
Your horns disappear.
The ball python closely misses you. The ball python constricts you.
You are too injured to fight recklessly!
You escape the ball python's grasp.
The ball python closely misses you. The ball python grabs you.
The ball python constricts you.
You closely miss the ball python. Your bite misses the ball python.
The ball python is severely wounded.
The ball python misses you. The ball python constricts you.
* * * LOW HITPOINT WARNING * * *
You scratch the ball python.
You kill the ball python!
The dart slug launches a dart at you. The slug dart misses you.
You have reached level 2!
The dart slug launches a dart at you. The slug dart hits you.
You die...

#.........#
#.........# #
#....)....#
#.##........)#
##............###
.......†.........
#####.w.......>#
#.†........#
#....@.....#
#####$.###.# #..#
# #..# #..# #
#..###.#.#
#########..†....?#
#.................
#.#####...#.####.#


You could see a dart slug.

Vanquished Creatures
  2 ball pythons (D:1)
  A bat (D:1)
  2 hobgoblins (D:1)
  A quokka (D:1)
  A rat (D:1)
7 creatures vanquished.

Notes
Turn   | Place    | Note
-------+----------+-------------------------------------------
     0 | D:1      | Ajdolov the Felid Transmuter began the quest for the Orb.
     0 | D:1      | Reached XP level 1. HP: 9/9 MP: 4/4
    41 | D:1      | Reached skill level 1 in Stealth
   173 | D:1      | Reached XP level 2. HP: 3/12 MP: 6/6
   173 | D:1      | Killed from afar by a dart slug

Illustrated notes

Levels and vault maps discovered:
D:1:      lightli_molten_gateway, layout_loops_ring,
          hellmonk_ecumenical_altar_dog_temple, minmay_misc_feat_tower

Skill      XL: |  1 |
---------------+----+-----
Stealth        | 2 |  2.6
Fighting       | |  1.0
Dodging        | |  2.6
Unarmed Combat | |  3.0
Spellcasting   | |  2.0
Transmutations | |  2.1

Action                   || total
-------------------------++-------
Melee: Unarmed           ||    20
       Headbutt          ||     3
       Punch             ||     1
       Bite              ||     1
 Cast: Beastly Appendage ||     4
 Stab: Sleeping          ||     2
Armor: Skin              ||     1
Dodge: Dodged            ||    20

Table legend: (Time is in decaauts)
 A = Elapsed time spent in this place.
 B = Non-inter-level travel time spent in this place.
 C = Inter-level travel time spent in this place.
 D = Time resting spent in this place.
 E = Time spent auto-exploring this place.
 F = Levels seen in this place.
 G = Mean time per level.
                   A        B        C        D        E       F      G
               +--------+--------+--------+--------+--------+-----+--------+
         Total |    156 |    156 |      0 |      0 |    108 |   1 |  156.0 |
       Dungeon |    156 |    156 |      0 |      0 |    108 |   1 |  156.0 |
               +--------+--------+--------+--------+--------+-----+--------+

Top non-repeatable levels by time:
     D:1: 156 daAuts
